 Dungeon Crawl Stone Soup version 0.18-a0-1413-g4eaa9ac (webtiles) character file.

172 Ijustatesigmund the Insei (level 5, -22/34 HPs)
             Began as an Octopode Transmuter on Feb 25, 2016.
             Annihilated by an ogre
             ... wielding a +0 giant club
              (26 damage)
             ... on level 4 of the Dungeon.
             The game lasted 00:11:55 (3354 turns).

Ijustatesigmund the Insei (Octopode Transmuter)     Turns: 3354, Time: 00:11:55

Health: -22/34     AC:  2    Str: 10    XL:     5   Next: 53%
Magic:  4/9        EV: 19    Int: 16    God:
Gold:   185        SH:  0    Dex: 17    Spells: 3 memorised, 3 levels left

rFire  . . .     SeeInvis .       - Unarmed
rCold  . . .     Gourm    .     (shield currently unavailable)
rNeg   . . .     Faith    .     (helmet currently unavailable)
rPois  x         Spirit   .     i - amulet of dismissal
rElec  .         Dismiss  +     (no ring)
rCorr  .         Reflect  .     (no ring)
SustAt .         Harm     .     (no ring)
MR     .....                    (no ring)
Stlth  ++........               (no ring)
                                (no ring)
                                (no ring)
                                (no ring)

@: spider-form, not resistant to hostile enchantments, unstealthy
A: almost no armour, amphibious, 8 rings, (constrict 8), (camouflage 0),
mutation resistance 1, (gelatinous body 0)
a: End Transformation


You were on level 4 of the Dungeon.
You were not hungry.
You were a venomous arachnid creature.
You visited 1 branch of the dungeon, and saw 4 of its levels.

You collected 185 gold pieces.

Inventory:

Missiles
 n - a throwing net (quivered)
Jewellery
 i - an amulet of dismissal (around neck)
Scrolls
 j - 3 scrolls of enchant armour
 m - 2 scrolls of remove curse
Potions
 d - a potion of cancellation
 e - a potion of brilliance
 g - a potion of curing
 l - 2 potions of flight
 o - 2 potions of magic
 t - a potion of resistance {unknown}
Books
 b - a book of Changes

   Spells                             Type                      Level
   a - Beastly Appendage              Transmutation                1
   b - Sticks to Snakes               Transmutation                2
   c - Spider Form                    Transmutation/Poison         3
   d - Ice Form                       Ice/Transmutation            4
   e - Blade Hands                    Transmutation                5
Comestibles
 c - 4 bread rations
 f - a meat ration


   Skills:
 + Level 2.0 Fighting
 - Level 2.0 Dodging
 - Level 4.0 Unarmed Combat
 + Level 2.8 Spellcasting
 + Level 2.8 Transmutations
 + Level 2.7 Poison Magic


You had 3 spell levels left.
You knew the following spells:

 Your Spells              Type           Power        Failure   Level  Hunger
a - Beastly Appendage     Trmt           ##....       21%         1    #......
b - Sticks to Snakes      Trmt           ##......     24%         2    ##.....
c - Spider Form           Trmt/Pois      ##........   36%         3    ###....


Dungeon Overview and Level Annotations

Branches:
Dungeon (4/15)
 Temple: D:4-7

Altars:
Fedhas

Shops:
D:4 *

Annotations:
D:3 Ijustatesigmund's ghost, amateur OpTm


Innate Abilities, Weirdness & Mutations

You cannot wear most types of armour.
You are amphibious.
You can wear up to eight rings at the same time.
((You can use your tentacles to constrict eight enemies at once.))
((Your skin changes colour to match your surroundings (Stealth).))
((Your rubbery body absorbs attacks (AC +1).))
You are somewhat resistant to further mutation.


Message History

You completely miss the ogre.
The ogre is lightly wounded.
The phantom closely misses you.
You hit the ogre.
The ogre looks even sicker.
The ogre is heavily wounded.
Your transformation has ended.
The ogre barely misses you. The phantom hits you.
You tentacle-slap the ogre.
The ogre is heavily wounded.
The ogre hits you with a giant club!!
Ouch! That really hurt!
* * * LOW HITPOINT WARNING * * *
The phantom blinks!
Unknown command.
Casting: Spider Form
Confirm with . or Enter, or press ? or * to list all spells.
You turn into a venomous arachnid creature.
The ogre hits you with a giant club!!
Ouch! That really hurt!
You die...

######## #♣### #......# ###...#
#....W.# # ..♣∩♣.# #......# ##
......# #......###### ..
...♣..### #............ ##
<.......## ###§.....#..#####..
......#..# #.sO...............
......##.#####..#................
#####.##........#######..........
##.......#.### ####....#...##
......####...## ##....##....##.
####.#####....# #..####........
#.#.....##.####.###...#.####.
#...######.....)##......# #.
##..## ###..####..#.#### #.


You could see a phantom and an ogre.

Vanquished Creatures
  A worker ant (D:4)
  An ooze (D:3)
  An adder skeleton (D:4)
  A dart slug (D:1)
  2 giant geckos
  An orc (D:3)
  7 bats
  4 giant cockroaches
  4 hobgoblins
  9 jackals
  A quokka (D:3)
  4 giant newts
  2 goblins
  6 kobolds
  9 rats
53 creatures vanquished.

Vanquished Creatures (collateral kills)
  An ogre (D:4)
  An adder (D:3)
  A worm (D:2)
  A ball python (D:2)
4 creatures vanquished.

Grand Total: 57 creatures vanquished

Notes
Turn   | Place    | Note
--------------------------------------------------------------
     0 | D:1      | Ijustatesigmund the Octopode Transmuter began the quest for the Orb.
     0 | D:1      | Reached XP level 1. HP: 13/13 MP: 3/3
   325 | D:1      | Reached XP level 2. HP: 13/18 MP: 5/5
   329 | D:1      | Learned a level 2 spell: Sticks to Snakes
  1115 | D:2      | Found a blossoming altar of Fedhas.
  1250 | D:2      | Reached XP level 3. HP: 18/24 MP: 6/6
  1321 | D:2      | Learned a level 3 spell: Spider Form
  1599 | D:3      | Noticed Ijustatesigmund's ghost (amateur OpTm)
  1861 | D:3      | Reached skill level 1 in Poison Magic
  1903 | D:3      | Reached skill level 4 in Unarmed Combat
  2018 | D:3      | Reached XP level 4. HP: 29/29 MP: 7/7
  2156 | D:3      | Gained mutation: You are somewhat resistant to further mutation. [potion of beneficial mutation]
  2388 | D:4      | Found Zaut's General Store.
  2605 | D:4      | Noticed an ogre
  2643 | D:4      | Killed an ogre
  2643 | D:4      | Reached XP level 5. HP: 34/34 MP: 3/9
  2941 | D:4      | Noticed a phantom
  3299 | D:4      | Noticed a phantom
  3335 | D:4      | Noticed an ogre
  3354 | D:4      | Annihilated by an ogre

Vault maps used:
D:1:      dpeg_arrival_chase, serial_bayou, serial_bayou_pond_d,
          serial_bayou_pond_c, serial_bayou_pond_a, serial_bayou_pond_d
D:2:      fedhas_altar_2
D:4:      first_bread, serial_shops, nicolae_shop_trees

Skill      XL: |  1  2  3  4 |
---------------+-------------+-----
Fighting       | 2 |  2.0
Poison Magic   | 1 2 |  2.7
Unarmed Combat | 4 |  4.0
Dodging        | |  2.0
Spellcasting   | |  2.8
Transmutations | |  2.8

Action                   |  1- 3 |  4- 6 || total
-------------------------+-------+-------++-------
Melee: Unarmed           |    82 |    43 ||   125
 Cast: Beastly Appendage |     3 |     6 ||     9
       Sticks to Snakes  |     5 |     7 ||    12
       Spider Form       |       |     2 ||     2
  Use: Scroll            |     6 |     9 ||    15
       Potion            |     1 |     4 ||     5
 Stab: Sleeping          |     3 |     1 ||     4
  Eat: Chunk             |     4 |     2 ||     6
       Beef jerky        |       |     2 ||     2
